 Dungeon Crawl Stone Soup version 0.28-a0-998-gb9e9c7b67e (webtiles) character file.

Game seed: 17395078805331669109

35 27snakeeyes612 the Sneak (level 3, -2/16 HPs)
             Began as a Spriggan Enchanter on Dec 6, 2021.
             Slain by a goblin (3 damage)
             ... led by Robin
             ... on level 2 of the Dungeon.
             The game lasted 00:01:52 (1663 turns).

27snakeeyes612 the Sneak (Spriggan Enchanter)       Turns: 1663, Time: 00:01:52

Health: -2/16      AC:  2    Str:  3 (4)  XL:     3   Next: 17%
Magic:  7/8        EV: 14    Int: 13 (16) God:
Gold:   12         SH:  0    Dex: 14 (17) Spells: 6/8 levels left

rFire   . . .      SeeInvis +   a - +1 dagger
rCold   . . .      Faith    .   (shield restricted)
rNeg    . . .      Spirit   .   b - +0 robe
rPois   .          Reflect  .   (helmet restricted)
rElec   .          Harm     .   (no cloak)
rCorr   .          Rampage  .   (gloves unavailable)
Will    .....                   (boots unavailable)
Stlth   +++.......              (no amulet)
HPRegen 0.05/turn               (no ring)
MPRegen 0.11/turn               (no ring)

@: flying, hasted, constricted, very quick
A: very small, no large weapons, unfitting armour, see invisible, speed 3
a: no special abilities


You were on level 2 of the Dungeon.
You visited 1 branch of the dungeon, and saw 2 of its levels.

You collected 12 gold pieces.

Inventory:

Hand Weapons
 a - a +1 dagger (weapon)
Armour
 b - a +0 robe (worn)
Scrolls
 d - a scroll of teleportation {unknown}
 e - a scroll of identify {unknown}
 f - a scroll of amnesia {unknown}
 g - a scroll of brand weapon {unknown}
 k - a scroll of fear {unknown}
 l - a scroll of fog {unknown}
Potions
 c - a potion of invisibility


   Skills:
 + Level 1.6 Short Blades
 + Level 3.0 Dodging
 + Level 5.3 Stealth
 + Level 3.0 Spellcasting
 + Level 4.1 Hexes


You had 6 spell levels left.
You knew the following spells:

 Your Spells              Type           Power      Damage    Failure   Level
a - Ensorcelled Hibernat  Hex/Ice        14%        N/A       16%         2

Your spell library contained the following spells:

 Spells                   Type           Power      Damage    Failure   Level
 Confusing Touch          Hex            12%        N/A       13%         3
 Tukima's Dance           Hex            12%        N/A       13%         3
 Sting                    Tmut/Pois      4%         1d3       22%         1
 Dazzling Flash           Conj/Hex       14%        N/A       30%         3
 Mephitic Cloud           Conj/Pois/Air  1%         N/A       56%         3
 Alistair's Intoxication  Tmut/Pois      0%         N/A       99%         5


Dungeon Overview and Level Annotations

Branches:
Dungeon (2/15)

Altars:

Annotations:
D:2 Robin


Innate Abilities, Weirdness & Mutations

You are very small and have problems with some larger weapons.
You are too small for most types of armour.
You have supernaturally acute eyesight. (SInv)
You cover ground extremely quickly. (Speed+++)


Message History

The goblin is severely wounded.
The ball python closely misses you. The ball python constricts you.
The goblin hits you with a +0 club. The ball python misses you.
The ball python constricts you.
You barely miss the goblin.
The goblin is severely wounded.
The goblin hits you with a +0 club. The ball python bites you.
The ball python constricts you.
* * * LOW HITPOINT WARNING * * *
You hit the goblin.
You kill the goblin!
The ball python bites you.
* * * LOW HITPOINT WARNING * * *
The ball python constricts you.
* * * LOW HITPOINT WARNING * * *
A hobgoblin comes into view.
Your Spellcasting skill increases to level 3!
You escape the ball python's grasp.
Things that are here:
a +0 club; a goblin corpse Robin throws the goblin at you!
You closely miss the goblin. The goblin completely misses you.
It was a potion of degeneration.
There was something very wrong with that liquid.
You feel weakened.
You feel dopey.
You feel clumsy. The goblin barely misses you.
The ball python closely misses you. The ball python grabs you.
The ball python constricts you.
* * * LOW HITPOINT WARNING * * *
It was a potion of flight.
You feel very buoyant.
You fly up into the air.
The goblin completely misses you. The ball python closely misses you.
The ball python constricts you.
It was a potion of haste.
You feel yourself speed up. The ball python closely misses you.
The ball python constricts you. The goblin barely misses you.
You hit the goblin.
The goblin is severely wounded.
The ball python barely misses you. The ball python constricts you.
The goblin hits you with a +0 dagger.
You die... ..... #...# ggg ggg

#g# #g# #g# #S#
#@# #g# #.# #
#.# #.#.#
#.#.####.##
#..........
###.####?#.
######.####.#.#


You could see Robin, 3 hobgoblins, 6 goblins and a ball python.

Vanquished Creatures
  A dart slug (D:1)
  4 endoplasms (D:1)
  A giant cockroach (D:1)
  7 goblins
  4 hobgoblins (D:1)
  A quokka (D:1)
  4 ball pythons
  2 bats (D:1)
  A frilled lizard (D:1)
  A kobold (D:1)
  2 rats (D:1)
  A spectral goblin (D:1)
29 creatures vanquished.

Notes
Turn   | Place    | Note
-------+----------+-------------------------------------------
     0 | D:1      | 27snakeeyes612 the Spriggan Enchanter began the quest for
                  | the Orb.
     0 | D:1      | Reached XP level 1. HP: 9/9 MP: 5/5
   136 | D:1      | Reached skill level 5 in Stealth
   136 | D:1      | Reached XP level 2. HP: 13/13 MP: 6/6
   150 | D:1      | Learned a level 2 spell: Ensorcelled Hibernation
   418 | D:1      | Got Sojekurgh's Almanac of Venom
   588 | D:1      | Found a faded altar of an unknown god.
  1246 | D:1      | Reached XP level 3. HP: 16/16 MP: 8/8
  1649 | D:2      | Noticed Robin
  1663 | D:2      | Slain by a goblin

Illustrated notes

Levels and vault maps discovered:
D:1:      erik_arrival_cave_to_civilisation [erik_arrival_cave_to_hall],
          layout_loops_ring, dreamdust_ecumenical_altar_drowned_temple,
          patterned_corridor
D:2:      layout_loops_ring, grunt_decor_clamped, uniq_robin

Skill      XL: |  1  2  3 |
---------------+----------+-----
Stealth        | 5 |  5.3
Hexes          | 4 |  4.1
Dodging        | 3 |  3.0
Spellcasting   | 3 |  3.0
Short Blades   | |  1.6

Action                   || total
-------------------------++-------
Melee: Dagger            ||    85
 Cast: Ensorcelled Hiber ||     8
  Use: Potion            ||     3
 Stab: Sleeping          ||    16
Armor: Robe              ||     9
Dodge: Dodged            ||    59

Table legend: (Time is in decaauts)
 A = Elapsed time spent in this place.
 B = Non-inter-level travel time spent in this place.
 C = Inter-level travel time spent in this place.
 D = Time resting spent in this place.
 E = Time spent auto-exploring this place.
 F = Levels seen in this place.
 G = Mean time per level.
                   A        B        C        D        E       F      G
               +--------+--------+--------+--------+--------+-----+--------+
         Total |   1300 |   1272 |     28 |      0 |   1085 |   2 |  650.0 |
       Dungeon |   1300 |   1272 |     28 |      0 |   1085 |   2 |  650.0 |
               +--------+--------+--------+--------+--------+-----+--------+

Top non-repeatable levels by time:
     D:1: 1262 daAuts
     D:2: 37 daAuts
